Map: Pillars of Gold LE

Players

Zest

  • Race: Protoss Protoss
  • Spawn Location: 1:00

Liquidthermy (uThermal) - Winner!

  • Race: Terran Terran
  • Spawn Location: 7:00

Event: StayAtHomestory Cup #2

VOD

Have the link to the VOD?

Description

Time

  • Played on: June 13, 2020, 7:29 a.m.
  • Length: 5:52

All games in this series

Show
View Real Time Build Order
Export as new Build Order

Zest Protoss 

Build Orders:  

Get SALT Encoding   

  12  0:01  Probe  
  13  0:13  Probe  
  14  0:18  Pylon  
  14  0:25  Probe  
  15  0:33  Probe  
  15  0:39  Gateway  
  15  0:41  Probe  
  16  0:49  Assimilator  
  17  0:51  Probe  
  18  1:00  Pylon  
  18  1:03  Probe  
  19  1:15  Probe  
  20  1:18  Gateway  
  20  1:28  Cybernetics Core  
  20  1:31  Probe  
  21  1:36  Assimilator  
  21  1:43  Probe  
  22  1:55  Probe, Stalker  
  22  2:01  Pylon  
  23  2:06  Adept  
  23  2:08  Warp Gate  
  27  2:18  Stalker  
  27  2:19  Robotics Facility  
  29  2:43  Probe  
  30  2:49  Gateway  
  30  2:54  Gateway  
  30  2:55  Sentry  
  32  3:01  Warp Prism  
  34  3:16  Pylon  
  34  3:35  Twilight Council  
  34  3:41  Shield Battery  
  32  3:59  Stalker x2  
  32  4:00  Stalker  
  38  4:11  Shield Battery  
  38  4:12  Dark Shrine  
  36  4:29  Adept x3  
  41  4:49  Pylon  
  41  4:51  Pylon  
  39  5:29  Dark Templar x3  
  45  5:44  Nexus  
Show
View Real Time Build Order
Export as new Build Order

Liquidthermy Terran - Winner!

Build Orders:  

Get SALT Encoding   

  12  0:01  SCV  
  13  0:13  SCV  
  14  0:18  Supply Depot  
  14  0:25  SCV  
  15  0:40  SCV  
  15  0:41  Barracks  
  16  0:45  Refinery  
  16  0:52  SCV  
  17  1:04  SCV  
  18  1:16  SCV  
  19  1:28  Marine  
  19  1:29  Orbital Command  
  20  1:43  Command Center  
  20  1:47  Barracks Reactor  
  20  1:55  SCV  
  20  1:59  Supply Depot  
  21  2:10  SCV  
  21  2:13  Bunker  
  22  2:23  Marine, Factory  
  22  2:24  Marine  
  22  2:29  SCV  
  24  2:41  SCV, Marine  
  24  2:42  Marine  
  25  2:57  Orbital Command  
  25  2:59  Marine x2  
  27  3:06  SCV  
  28  3:14  Starport  
  28  3:15  Factory Tech Lab  
  28  3:18  SCV  
  28  3:24  Marine, Refinery  
  29  3:28  Marine  
  31  3:36  Siege Tank  
  33  3:42  Marine  
  33  3:46  Marine  
  34  3:49  SCV  
  33  3:56  SCV  
  33  3:59  Marine  
  33  4:00  Viking  
  33  4:01  SCV  
  38  4:04  Marine  
  38  4:08  SCV  
  39  4:13  SCV  
  40  4:17  Marine  
  40  4:20  SCV  
  40  4:21  Supply Depot  
  40  4:22  Marine  
  43  4:25  SCV  
  44  4:35  SCV, Marine  
  46  4:43  Siege Tank, Marine  
  46  4:45  SCV  
  50  4:48  Starport Tech Lab  
  50  4:53  Marine  
  50  4:59  SCV  
  51  5:00  Marine  
  51  5:03  SCV  
  53  5:11  Supply Depot  
  50  5:23  Supply Depot  
  50  5:32  SCV, Marine x2, Supply Depot  
Tags
 
Add a new tag
Caveats
  • Supply blocks, unpowered buildings, or Contaminate may cause inaccurate times.
  • Supply counts are checked every 10 seconds.